 Dungeon Crawl Stone Soup version 0.25-a0-598-gc9c9e4cfe1 (webtiles) character file.

Game seed: 10212532543403496913, levelgen mode: deterministic

7 Amnesiac the Slasher (level 1, 0/14 HPs)
             Began as a Demigod Wanderer on Mar 15, 2020.
             Slain by a jackal (1 damage)
             ... on level 1 of the Dungeon.
             The game lasted 00:01:10 (99 turns).

Amnesiac the Slasher (Demigod Wanderer)               Turns: 99, Time: 00:01:11

Health: 0/14       AC:  2    Str: 15    XL:     1   Next: 66%
Magic:  5/5        EV: 12    Int: 13    God:
Gold:   26         SH:  0    Dex: 18    Spells: 2/3 levels left

rFire    . . .     SeeInvis .   a - +0 falchion
rCold    . . .     Gourm    .   (no shield)
rNeg     . . .     Faith    .   d - +0 robe
rPois    .         Spirit   .   (no helmet)
rElec    .         Reflect  .   (no cloak)
rCorr    .         Harm     .   (no gloves)
MR       .....                  (no boots)
Stlth    ++........             (no amulet)
HPRegen  0.04/turn              (no ring)
MPRegen  0.09/turn              (no ring)

@: no status effects
A: high mp 1
a: no special abilities


You were on level 1 of the Dungeon.
You were not hungry.

You visited 1 branch of the dungeon, and saw 1 of its levels.

You collected 26 gold pieces.

Inventory:

Hand Weapons
 a - a +0 falchion (weapon)
Armour
 d - a +0 robe (worn)
 e - a +0 helmet
Scrolls
 b - a scroll of teleportation {!r}
Comestibles
 c - 3 chunks of flesh
 f - a ration


   Skills:
 + Level 2.4 Long Blades
 - Level 1.0 Dodging
 - Level 1.7 Spellcasting
   Level 1.0 Summonings
   Level 1.7 Air Magic
   Level 1.7 Evocations


You had 2 spell levels left.
You knew the following spells:

 Your Spells              Type           Power        Failure   Level  Hunger
a - Magic Dart            Conj           #...         26%         1    ##.....

Your spell library contained the following spells:

 Spells                   Type           Power        Failure   Level  Hunger
 Call Imp                 Summ           #.......     26%         2    ###....
 Blink                    Tloc           N/A          36%         2    ###....
 Slow                     Hex            #.......     36%         2    ###....
 Mephitic Cloud           Conj/Pois/Air  #.......     52%         3    ####...
 Conjure Flame            Conj/Fire      #.......     61%         3    ####...


Dungeon Overview and Level Annotations

Branches:
Dungeon (1/15)


Innate Abilities, Weirdness & Mutations

You have an increased reservoir of magic. (+10% MP)


Message History

a +0 dagger; a goblin skeleton You butcher the rat corpse.
c - 3 chunks of flesh (gained 1)
You see here a rat skeleton. x2
You see here a rat skeleton.
Things that are here:
a +0 dagger; a goblin skeleton HP restored.
You see here a bat skeleton.
e - a helmet A jackal comes into view.
A jackal and a hobgoblin come into view.
The jackal barks! x2
A jackal comes into view.
The jackal barks!
The hobgoblin shouts!
You hit the hobgoblin.
The hobgoblin is severely wounded.
The hobgoblin hits you with a +0 club. The hobgoblin closely misses you.
You barely miss the hobgoblin.
The hobgoblin is severely wounded.
The hobgoblin hits you with a +0 club.
You closely miss the hobgoblin.
The hobgoblin is severely wounded.
The hobgoblin completely misses you.
You hit the hobgoblin.
You kill the hobgoblin!
You completely miss the jackal. The jackal closely misses you.
You riposte.
You closely miss the jackal. You hit the jackal but do no damage.
The jackal bites you.
* * * LOW HITPOINT WARNING * * *
A jackal comes into view.
The jackal barely misses you.
The jackal barks!
You hit the jackal but do no damage. The jackal bites you.
* * * LOW HITPOINT WARNING * * *
The jackal bites you.
* * * LOW HITPOINT WARNING * * *
You slash the jackal!
You kill the jackal!
You hit the jackal.
You kill the jackal!
The jackal bites you but does no damage.
You hit the jackal but do no damage.
The jackal bites you but does no damage.
You barely miss the jackal. The jackal bites you.
* * * LOW HITPOINT WARNING * * *
The jackal barely misses you.
You are too injured to fight recklessly!
You barely miss the jackal. The jackal closely misses you. x2
You are too injured to fight recklessly!
You hit the jackal.
The jackal is almost dead.
The jackal bites you.
* * * LOW HITPOINT WARNING * * *
You aren't carrying any potions.
You hit the jackal but do no damage.
The jackal is almost dead.
The jackal bites you but does no damage.
The jackal closely misses you.
You hit the jackal but do no damage.
The jackal is almost dead.
The jackal completely misses you. The jackal bites you.
You die...

.. .. .# .# #
.#.###h
########...h.h.
#......h#
##.####h# #.#
#@# #.# #)# #.#
..# #.# ####
#.# #.# #.# #.
#### #.# #.#
#... #.# #.#
#...


You could see 2 jackals.

Vanquished Creatures
  A goblin (D:1)
  A hobgoblin (D:1)
  2 jackals (D:1)
  A bat (D:1)
  A rat (D:1)
6 creatures vanquished.

Notes
Turn   | Place    | Note
-------+----------+-------------------------------------------
     0 | D:1      | Amnesiac the Demigod Wanderer began the quest for the Orb.
     0 | D:1      | Amnesiac set off with the following items: a +0 falchion, a
                  | scroll of teleportation {!r}, a +0 robe, a ration; and the
                  | following spell memorised: Magic Dart; and the following
                  | spells available to memorise: Call Imp, Blink, Slow,
                  | Mephitic Cloud, Conjure Flame
     0 | D:1      | Reached XP level 1. HP: 14/14 MP: 5/5
    22 | D:1      | Reached skill level 2 in Long Blades
    99 | D:1      | Slain by a jackal

Levels and vault maps discovered:
D:1:      scummos_arrival_forest, layout_basic, hex_medium

Skill      XL: |  1 |
---------------+----+-----
Long Blades    | 2 |  2.4
Dodging        | |  1.0
Spellcasting   | |  1.7
Summonings     | |  1.0
Air Magic      | |  1.7
Evocations     | |  1.7

Action                   || total
-------------------------++-------
Melee: Falchion          ||    19
Armor: Robe              ||     3
Dodge: Dodged            ||    13
       Rpst.: Falchion   ||     2

Table legend:
 A = Non-vault XP
 B = Vault XP
 C = Vault XP percentage of total XP
 D = Non-vault monster count
 E = Vault monster count
 F = Vault count percentage of total count
                 A         B        C        D         E       F
            +---------+---------+-------+---------+---------+-------
      Total |      10 |       0 |   0.0 |       6 |       0 |   0.0
            +---------+---------+-------+---------+---------+-------
        D:1 |      10 |       0 |   0.0 |       6 |       0 |   0.0
            +---------+---------+-------+---------+---------+-------
